 Dungeon Crawl Stone Soup version 0.16.1-30-g34a7ffa (webtiles) character file.

16811 rackham the Thaumaturge (level 12, -1/59 HPs)
             Began as a Deep Elf Fire Elementalist on June 29, 2015.
             Was a High Priest of Vehumet.
             Slain by a water moccasin (3 damage)
             ... on level 3 of the Lair of Beasts.
             The game lasted 01:47:47 (14353 turns).

rackham the Thaumaturge (DEFE)                     Turns: 14353, Time: 01:47:49

Health: -1/59      AC: 12    Str:  9      XL:     12   Next: 13%
Magic:  1/36       EV: 14    Int: 28      God:    Vehumet [*****.]
Gold:   486        SH:  4    Dex: 14 (15) Spells: 11 memorised, 1 level left

rFire  . . .     SeeInvis .     a - +2 dagger (protect)
rCold  + . .     Clarity  .     A - +1 robe {rC+ rF+}
rNeg   . . .     SustAb   .     B - +0 buckler
rPois  .         Gourm    .     C - +2 helmet
rElec  .         Spirit   .     E - +0 cloak of Fortification {rF- rCorr Int+3}
rCorr  +         Warding  .     (no gloves)
rMut   .         Stasis   .     (no boots)
MR     +....                    i - amulet of rage (curse)
Stlth  +++.......               (no ring)
                                u - +3 ring of strength

@: repel missiles, somewhat resistant to hostile enchantments, fairly stealthy
A: no striking features
a: Renounce Religion, Evoke Berserk Rage


You were on level 3 of the Lair of Beasts.
You worshipped Vehumet.
Vehumet was extremely pleased with you.
You were not hungry.

You visited 2 branches of the dungeon, and saw 12 of its levels.

You collected 486 gold pieces.

Inventory:

Hand weapons
 a - a +2 dagger of protection (weapon)
 b - a +2 war axe of electrocution
Armour
 A - a +1 robe of resistance (worn)
 B - a +0 buckler (worn)
 C - a +2 helmet (worn)
 D - a +1 cloak
 E - the +0 cloak of Fortification (worn) {rF- rCorr Int+3}
   (You found it on level 2 of the Lair of Beasts)

   It affects your intelligence (+3).
   It makes you vulnerable to fire.
   It protects you from acid and corrosion.
Jewellery
 i - a cursed amulet of rage (around neck)
 s - an uncursed amulet of warding
 u - a +3 ring of strength (left hand)
Magical devices
 h - a wand of random effects (15)
 k - a wand of teleportation (3)
 l - a wand of draining (0)
 m - a wand of slowing (33)
 o - a wand of digging (24)
 r - a wand of lightning (0)
 x - a wand of fire (6)
Scrolls
 e - a scroll of teleportation
 g - 7 scrolls of remove curse
 n - a scroll of fog
 p - a scroll of recharging
 q - 2 scrolls of identify
 t - a scroll of amnesia
Books
 d - a book of Power

   Spells                             Type                      Level
   a - Fulminant Prism                Conjuration/Hexes            4
   b - Iskenderun's Mystic Blast      Conjuration                  4
   c - Venom Bolt                     Conjuration/Poison           5
   d - Bolt of Magma                  Conjuration/Fire/Earth       5
   e - Iron Shot                      Conjuration/Earth            6
   f - Orb of Destruction             Conjuration                  7
   g - Spellforged Servitor           Conjuration/Summoning        7
Comestibles
 c - 3 bread rations
 v - 8 fruits


   Skills:
 * Level 5.2 Dodging
 * Level 5.3 Stealth
 * Level 2.3 Shields
 + Level 14.8 Spellcasting
 + Level 11.6 Conjurations
 - Level 3.4 Charms
 - Level 5.6 Translocations
 - Level 10.0 Fire Magic


You had one spell level left.
You knew the following spells:

 Your Spells              Type           Power        Failure   Level  Hunger
a - Throw Flame           Conj/Fire      ######       1%          2    None
b - Iron Shot             Conj/Erth      ######....   12%         6    ####...
c - Force Lance           Conj/Tloc      ######..     1%          4    None
d - Lightning Bolt        Conj/Air       ######....   2%          5    None
e - Fireball              Conj/Fire      ######....   1%          5    None
i - Repel Missiles        Chrm/Air       ####..       2%          2    None
k - Control Teleport      Chrm/Tloc      #####.....   6%          4    None
A - Blink                 Tloc           N/A          1%          2    None
X - Sticky Flame          Conj/Fire      ######..     1%          4    None
Y - Throw Frost           Conj/Ice       ######       1%          2    None
Z - Conjure Flame         Conj/Fire      ######..     1%          3    None


Dungeon Overview and Level Annotations

Branches:
Dungeon (9/15)             Temple (0/1) D:5            Lair (3/8) D:8
 Spider (0/5) Lair:3
  Swamp: Lair:3-6    Shoals: Lair:3-6       Orc: D:9-12

Altars:
Fedhas
Gozag
Nemelex Xobeh
Qazlal
Sif Muna
Trog
Vehumet

Shops:
D:5 %   D:8 *

Annotations:
D:8 exclusion: oklob plant


Message History

The sticky flame hits the wolf.
The wolf is almost dead.
The wolf is covered in liquid flames!
The wolf burns!
You kill the wolf!
Vehumet accepts your kill. The water moccasin closely misses you.
The water moccasin barely misses you.
You see here a wolf corpse.
Your surroundings suddenly seem different.
Evoke which item? (* to show all) (? for menu, Esc to quit)
Zapping:
x - a wand of fire {recharged} (will waste charges)
Press: ? - help, Shift-Dir - straight line, f - water moccasin
Aim: a water moccasin The bolt of fire hits the water moccasin.
The water moccasin is heavily wounded.
Evoking this partially-identified wand wasted a few charges.
The water moccasin bites you!
* * * LOW HITPOINT WARNING * * *
The water moccasin bites you.
You die...

#..# ...# ...# ##### .#. ..
......# ##.#.### ..#...
.#......###†#†.#.###^...# ..
..........##.†#S...^#.#.>##.##
..........##....@.....^##....##
...................#^###.#....
..............†.....#..#.#^.##
............†.......##.##.^#.#
.......)............##..#.^..#
....†...............####.#P..#
...................## ##...##
†..................# ##P..#
.................### #...##


You could see a water moccasin.

Vanquished Creatures
  Erolcha (D:8)
  Pikel (D:7)
  A black mamba (Lair:3)
  5 spiny frogs
  A fire drake (Lair:3)
  A troll (D:9)
  3 komodo dragons
  A two-headed ogre (D:9)
  10 yaks
  5 blink frogs (Lair:1)
  A tarantella (Lair:3)
  2 wyverns (D:8)
  7 hippogriffs
  Edmund (D:6)
  6 water moccasins
  14 wolves
  An ice beast (D:9)
  A necrophage (D:5)
  8 porcupines
  3 ogres
  2 slaves (D:7)
  2 eyes of draining (D:9)
  4 orc warriors
  2 phantoms
  5 centaurs
  A sky beast (D:9)
  Sigmund (D:7)
  7 crocodiles
  5 giant frogs
  2 scorpions
  3 wights (D:9)
  A goliath beetle (D:8)
  A quasit (D:8)
  10 killer bees (D:7)
  10 hounds
  3 crimson imps
  Crazy Yiuf (D:5)
  2 orc priests
  2 jellies (D:8)
  2 centaur skeletons
  7 iguanas
  5 worker ants
  13 orc wizards
  18 sheep
  Jessica (D:3)
  A hound zombie (D:7)
  A worker ant zombie (D:8)
  5 river rats (Lair:2)
  8 adders
  A shadow imp (D:7)
  4 giant mites
  9 gnolls
  5 worms
  An adder zombie (D:6)
  2 adder skeletons (D:9)
  46 orcs
  5 giant cockroaches
  9 goblins
  12 hobgoblins
  2 oozes
  A ball python (D:5)
  5 bats
  6 giant geckos
  3 giant newts
  A giant spore (D:9)
  8 jackals
  3 kobolds
  9 quokkas
  2 quokka skeletons
  3 quokka zombies
  9 rats
  3 ballistomycetes (D:9)
  5 plants (D:8)
352 creatures vanquished.

Vanquished Creatures (others)
  Maurice (D:8)
  A giant spore (D:9)
  7 plants (D:8)
9 creatures vanquished.

Grand Total: 361 creatures vanquished

Notes
Turn   | Place    | Note
--------------------------------------------------------------
     0 | D:1      | rackham, the Deep Elf Fire Elementalist, began the quest for the Orb.
     0 | D:1      | Reached XP level 1. HP: 10/10 MP: 5/5
   182 | D:1      | Reached XP level 2. HP: 15/15 MP: 3/8
   229 | D:1      | Learned a level 2 spell: Throw Flame
   359 | D:1      | Reached skill level 4 in Fire Magic
   992 | D:2      | Reached XP level 3. HP: 19/19 MP: 8/11
   997 | D:2      | Learned a level 3 spell: Conjure Flame
  1611 | D:3      | Found a radiant altar of Vehumet.
  1618 | D:3      | Became a worshipper of Vehumet
  1680 | D:3      | Reached XP level 4. HP: 24/24 MP: 6/14
  1686 | D:3      | Learned a level 4 spell: Sticky Flame
  1796 | D:3      | Noticed Jessica
  1924 | D:3      | Killed Jessica
  1949 | D:3      | Reached skill level 5 in Fire Magic
  1949 | D:3      | Reached XP level 5. HP: 28/28 MP: 9/18
  2479 | D:4      | Reached XP level 6. HP: 32/32 MP: 2/20
  2489 | D:4      | Learned a level 2 spell: Blink
  2492 | D:4      | Learned a level 2 spell: Repel Missiles
  2494 | D:4      | Noticed an ogre
  2594 | D:4      | Killed an ogre
  2594 | D:4      | Reached skill level 5 in Spellcasting
  2719 | D:4      | Noticed an ogre
  2724 | D:5      | Entered Level 5 of the Dungeon
  2726 | D:5      | Acquired Vehumet's first power
  2726 | D:5      | Offered knowledge of Sting by Vehumet.
  3078 | D:5      | Reached XP level 7. HP: 13/36 MP: 12/23
  3312 | D:5      | Found a staircase to the Ecumenical Temple.
  3399 | D:5      | Found Zeinn's Food Shoppe.
  3425 | D:5      | Found a blossoming altar of Fedhas.
  3435 | D:5      | Found a stormy altar of Qazlal.
  3436 | D:5      | Found an opulent altar of Gozag.
  3445 | D:5      | Found a sparkling altar of Nemelex Xobeh.
  3841 | D:5      | Reached skill level 5 in Conjurations
  3841 | D:5      | Reached skill level 6 in Fire Magic
  3871 | D:5      | Noticed Crazy Yiuf
  3883 | D:5      | Killed Crazy Yiuf
  4041 | D:5      | Offered knowledge of Shock by Vehumet.
  4339 | D:5      | Reached skill level 7 in Spellcasting
  4528 | D:5      | Learned a level 5 spell: Fireball
  5042 | D:6      | Reached XP level 8. HP: 41/41 MP: 18/26
  5176 | D:6      | Reached skill level 1 in Translocations
  5281 | D:6      | Offered knowledge of Throw Frost by Vehumet.
  5285 | D:6      | Learned a level 2 spell: Throw Frost
  5355 | D:6      | Found a deep blue altar of Sif Muna.
  5414 | D:6      | Noticed Edmund
  5745 | D:6      | Killed Edmund
  5859 | D:7      | Reached skill level 8 in Spellcasting
  5862 | D:7      | Acquired Vehumet's second power
  6275 | D:7      | Reached XP level 9. HP: 18/45 MP: 12/29
  6525 | D:7      | Reached skill level 9 in Spellcasting
  6625 | D:7      | Noticed Sigmund
  6820 | D:7      | Offered knowledge of Airstrike by Vehumet.
  7561 | D:7      | Noticed Pikel
  7576 | D:7      | Killed Pikel
  7762 | D:7      | Reached skill level 10 in Spellcasting
  7814 | D:7      | Learned a level 4 spell: Force Lance
  7819 | D:7      | Learned a level 4 spell: Control Teleport
  8057 | D:7      | Acquired Vehumet's third power
  8145 | D:7      | Killed Sigmund
  8297 | D:8      | Offered knowledge of Irradiate by Vehumet.
  8483 | D:8      | Noticed Erolcha
  8490 | D:8      | Noticed Maurice
  8490 | D:8      | Found Ruotwaos' Assorted Antiques.
  8500 | D:8      | Killed Maurice
  8511 | D:8      | Paralysed by Erolcha for 2 turns
  8705 | D:8      | Reached XP level 10. HP: 50/50 MP: 19/32
  8719 | D:8      | You fall through a shaft!
  8773 | D:9      | Reached skill level 11 in Spellcasting
  9282 | D:9      | Reached skill level 5 in Translocations
  9562 | D:9      | Found a bloodstained altar of Trog.
  9719 | D:9      | Reached skill level 10 in Fire Magic
  9975 | D:8      | Reached skill level 1 in Charms
 10084 | D:8      | Found a staircase to the Lair.
 10086 | D:8      | Noticed a komodo dragon
 10132 | D:8      | Killed Erolcha
 10132 | D:8      | Reached skill level 12 in Spellcasting
 10402 | D:8      | Offered knowledge of Lightning Bolt by Vehumet.
 10446 | D:8      | Learned a level 5 spell: Lightning Bolt
 10455 | D:8      | Found a blossoming altar of Fedhas.
 10476 | D:8      | Noticed an oklob plant
 10641 | D:8      | Killed a komodo dragon
 10755 | Lair:1   | Entered Level 1 of the Lair of Beasts
 10873 | D:8      | Reached skill level 10 in Conjurations
 11081 | Lair:1   | Reached XP level 11. HP: 50/54 MP: 17/34
 11291 | Lair:1   | Reached skill level 13 in Spellcasting
 11851 | Lair:1   | Reached skill level 14 in Spellcasting
 12419 | Lair:2   | Reached skill level 1 in Shields
 12729 | Lair:2   | Got a transparent cloak
 12740 | Lair:2   | Identified the +0 cloak of Fortification {rF- rCorr Int+3} (You found it on level 2 of the Lair of Beasts)
 13638 | Lair:2   | Learned a level 6 spell: Iron Shot
 13931 | Lair:3   | Offered knowledge of Poison Arrow by Vehumet.
 13957 | Lair:3   | Reached skill level 5 in Stealth
 13957 | Lair:3   | Reached XP level 12. HP: 26/59 MP: 1/36
 13992 | Lair:2   | Reached skill level 5 in Dodging
 14327 | Lair:3   | Found a hole to the Spider Nest.
 14353 | Lair:3   | HP: 2/59 [water moccasin (8)]
 14353 | Lair:3   | Slain by a water moccasin

Action                   |  1- 3 |  4- 6 |  7- 9 | 10-12 || total
-------------------------+-------+-------+-------+-------++-------
Melee: Dagger            |       |     6 |     2 |    24 ||    32
       War axe           |       |     1 |     6 |    35 ||    42
 Cast: Flame Tongue      |    26 |    13 |       |       ||    39
       Throw Flame       |    17 |    64 |   221 |   136 ||   438
       Conjure Flame     |     1 |       |     6 |     9 ||    16
       Sticky Flame      |       |     5 |    30 |    41 ||    76
       Throw Frost       |       |       |     5 |     3 ||     8
       Fireball          |       |       |    14 |    36 ||    50
       Repel Missiles    |       |       |     1 |     1 ||     2
       Force Lance       |       |       |     4 |    20 ||    24
       Blink             |       |       |       |     7 ||     7
       Lightning Bolt    |       |       |       |    37 ||    37
       Iron Shot         |       |       |       |     1 ||     1
Evoke: Wand              |       |       |     4 |    10 ||    14
  Use: Scroll            |       |     9 |     3 |     5 ||    17
       Potion            |       |     1 |     4 |     6 ||    11
  Eat: Chunk             |     1 |     5 |    17 |    12 ||    35
       Beef jerky        |     1 |       |     1 |     2 ||     4
       Pizza             |       |       |     1 |       ||     1
       Fruit             |       |       |     2 |       ||     2
       Meat ration       |       |       |       |     1 ||     1
       Bread ration      |       |       |       |     1 ||     1
